 Dungeon Crawl Stone Soup version 0.25-a0-167-g836c352ace (console) character file.

Game seed: 14868828089489112657, levelgen mode: deterministic

5100 Kagalorn the Spear-Bearer (level 10, 0/82 (83) HPs)
             Began as a Centaur Air Elementalist on Nov 25, 2019.
             Was a Follower of Ashenzari.
             Splashed by a brown ugly thing's acid (10 damage)
             ... on level 9 of the Dungeon.
             The game lasted 00:35:30 (10061 turns).

Kagalorn the Spear-Bearer (CeAE)                   Turns: 10061, Time: 00:35:31

HP:   0/82 (83)     AC:  9    Str: 10    XL:     10   Next: 32%
MP:   1/17          EV: 11    Int: 17    God:    Ashenzari [*.....]
Gold: 380           SH:  0    Dex: 11    Spells: 11/19 levels left

rFire    + . .     SeeInvis .   a - +3 halberd
rCold    + . .     Gourm    .   (shield currently unavailable)
rNeg     . . .     Faith    .   e - +1 robe {MR+}
rPois    .         Spirit   .   (no helmet)
rElec    .         Reflect  .   K - scarf {rC+ rF+}
rCorr    .         Harm     .   (no gloves)
MR       +....                  M - +0 centaur barding
Stlth    +.........             (no amulet)
HPRegen  0.23/turn              t - ring of wizardry (curse)
MPRegen  0.15/turn              N - +3 ring of evasion

@: very quick
A: large, hooves 3, deformed body, speed 2, tough skin 3
a: Curse Item, Scrying, Renounce Religion


You were on level 9 of the Dungeon.
You worshipped Ashenzari.
Ashenzari was aware of your devotion.
You were not hungry.

You visited 2 branches of the dungeon, and saw 10 of its levels.
You also visited: Sewer.

You collected 495 gold pieces.
You spent 115 gold pieces at shops.

Inventory:

Hand Weapons
 a - a +3 halberd (weapon)
 b - a +0 short sword
 m - a +0 war axe
 v - a +0 trident
 E - a +0 shortbow
 F - a +3 great sword of freezing
Missiles
 h - 39 bolts
 i - 169 arrows
 j - 19 poisoned darts (quivered)
 H - 6 javelins
Armour
 e - a +1 robe of magic resistance (worn)
 K - a scarf of resistance (worn)
 M - a +0 centaur barding (worn)
Jewellery
 n - an uncursed ring of poison resistance
 t - a cursed ring of wizardry (left hand)
 x - an uncursed ring of magical power
 y - an uncursed ring of protection from fire
 B - an uncursed ring of see invisible
 G - an uncursed ring of ice
 N - a +3 ring of evasion (right hand)
Wands
 l - a wand of scattershot (5)
 J - a wand of flame (16)
Scrolls
 d - 6 scrolls of remove curse
 f - a scroll of immolation {unknown}
 o - a scroll of enchant weapon {unknown}
 p - 2 scrolls of amnesia
 r - 2 scrolls of teleportation
 w - a scroll of vulnerability {unknown}
 C - a scroll of blinking {unknown}
 I - a scroll of fear {unknown}
Potions
 g - 2 potions of heal wounds
 k - a potion of mutation {unknown}
 q - 3 potions of lignification
 s - 3 potions of curing
 u - 3 potions of magic {unknown}
 z - a potion of agility {unknown}
 A - 4 potions of invisibility
 D - a potion of flight {unknown}
 L - a potion of ambrosia {unknown}
Comestibles
 c - 10 rations


   Skills:
 * Level 6.2 Fighting
 * Level 8.0 Polearms
 - Level 1.3 Dodging
 - Level 1.1 Stealth
 - Level 5.0 Spellcasting
 - Level 6.0 Conjurations
 - Level 6.0 Air Magic


You had 11 spell levels left.
You knew the following spells:

 Your Spells              Type           Power        Failure   Level  Hunger
a - Shock                 Conj/Air       ###.         1%          1    None
b - Static Discharge      Conj/Air       ###.....     1%          3    ###....
c - Airstrike             Air            ###.......   4%          4    ####...

Your spell library contained the following spells:

 Spells                   Type           Power        Failure   Level  Hunger
 Swiftness                Chrm/Air       ##......     2%          2    #......
 Dazzling Spray           Conj/Hex       ##....       4%          3    ###....
 Animate Skeleton         Necr           N/A          6%          1    None
 Apportation              Tloc           #.....       6%          1    None
 Confusing Touch          Hex            #.....       6%          1    None
 Corona                   Hex            #......      6%          1    None
 Summon Small Mammal      Summ           #...         6%          1    None
 Ensorcelled Hibernation  Hex/Ice        #.....       9%          2    #......
 Lightning Bolt           Conj/Air       ###.......   13%         5    ######.
 Confuse                  Hex            #.......     16%         3    ###....
 Tukima's Dance           Hex            #.......     16%         3    ###....


Dungeon Overview and Level Annotations

Branches:
Dungeon (9/15)             Temple (1/1) D:4           Sewer (visited)
   Lair: D:8-11         Orc: D:9-12

Altars:
Ashenzari
Cheibriados
Dithmenos
Elyvilon
Fedhas
Gozag
Hepliaklqana
Kikubaaqudgha
Makhleb
Nemelex Xobeh
Okawaru
Qazlal
Ru
Trog
Uskayaw
Vehumet
Wu Jian
Xom
Yredelemnul
Zin
The Shining One

Shops:
D:6 *   D:7 ?

Annotations:
D:6 3 runed translucent doors, Kagalorn's ghost, novice GnAE; stillor's ghost, amateur DEIE
D:7 2 transporters


Innate Abilities, Weirdness & Mutations

You have hooves in place of feet.
Armour fits poorly on your strangely shaped body.
You cover ground very quickly.
You have extremely tough skin. (AC +3)


Message History

The troll is struck by an arc of lightning!
The troll is almost dead.
You are struck by an arc of lightning.
The lightning grounds out.
The brown ugly thing barely misses you. The troll bites you.
The troll claws you but does no damage. The troll claws you.
You barely miss the brown ugly thing.
The brown ugly thing is severely wounded.
The brown ugly thing punches you!
You are splashed with acid!
* * * LOW HITPOINT WARNING * * *
Casting: Static Discharge (safe; 1% risk of failure)
Confirm with . or Enter, or press ? or * to list all spells.
Aiming: Shock (safe; 1% risk of failure)
Press: ? - help, Shift-Dir - straight line, f/p - brown ugly thing
Aim: a brown ugly thing (severely wounded)
The zap misses the brown ugly thing.
There is a stone staircase leading up here.
The brown ugly thing punches you!
* * * LOW HITPOINT WARNING * * *
You are splashed with acid!
You die...

..### #..... #.... ##
...######... #
#.##.#.#...#..#.# .
#...........##.##.
##......##........
..####@u....>........#
.....<...T............#
......................#
.>..##...............#
. ..#
##.#....#........#.. .
#...................
...............(.....
......................
##...#.....$....###...


You could see a brown ugly thing and a troll.

Vanquished Creatures
  A two-headed ogre (D:8)
  An ugly thing (D:8)
  3 hippogriffs
  A shadow (D:8)
  A steam dragon (D:6)
  A hungry ghost (D:8)
  Purgy (Sewer)
  2 phantoms (D:6)
  A sky beast (D:8)
  A black bear (D:7)
  A necrophage (D:6)
  An ice beast (D:8)
  A centaur (D:6)
  A bullfrog (D:7)
  A gnoll sergeant (D:8)
  A wyvern skeleton (D:9)
  3 scorpions
  16 wights
  A howler monkey (D:7)
  4 crimson imps
  A centaur zombie (D:9)
  A bullfrog skeleton (D:6)
  7 hounds
  3 jellies
  A centaur skeleton (D:8)
  4 orc priests
  4 iguanas
  A worker ant (D:6)
  11 orc wizards
  A killer bee zombie (D:7)
  A worker ant zombie (D:7)
  10 gnolls
  A river rat (D:6)
  8 adders
  A shadow imp (D:5)
  2 oozes
  An adder skeleton (D:4)
  4 worms
  A dart slug (D:1)
  5 leopard geckos
  28 orcs
  6 bats
  6 giant cockroaches
  8 goblins
  5 hobgoblins
  18 kobolds
  A quokka (D:2)
  9 ball pythons
  4 frilled lizards
  A quokka skeleton (D:6)
  11 rats
208 creatures vanquished.

Notes
Turn   | Place    | Note
-------+----------+-------------------------------------------
     0 | D:1      | Kagalorn the Centaur Air Elementalist began the quest for
                  | the Orb.
     0 | D:1      | Reached XP level 1. HP: 14/14 MP: 3/3
    40 | D:1      | Reached skill level 1 in Conjurations
   132 | D:1      | Reached XP level 2. HP: 20/20 MP: 2/4
   628 | D:1      | Reached XP level 3. HP: 23/26 MP: 3/5
   902 | D:2      | Reached XP level 4. HP: 30/33 MP: 4/7
   931 | D:2      | Found an ancient bone altar of Kikubaaqudgha.
  1090 | D:2      | Found a faded altar of an unknown god.
  1845 | D:2      | Reached XP level 5. HP: 31/38 MP: 4/8
  3165 | D:4      | Reached XP level 6. HP: 41/45 MP: 6/10
  3569 | D:4      | Found a staircase to the Ecumenical Temple.
  3576 | Temple   | Entered the Ecumenical Temple
  3739 | Temple   | Became a worshipper of Ashenzari the Shackled
  3763 | D:4      | Learned a level 3 spell: Static Discharge
  3768 | D:4      | Learned a level 4 spell: Airstrike
  4391 | D:5      | Entered Level 5 of the Dungeon
  4412 | D:5      | Reached XP level 7. HP: 50/50 MP: 2/12
  4593 | D:5      | Reached skill level 5 in Air Magic
  4654 | D:5      | Noticed a hippogriff
  4666 | D:5      | Killed a hippogriff
  5339 | D:6      | Found a glowing drain.
  5455 | Sewer    | Entered a sewer
  5521 | Sewer    | Noticed Purgy
  5561 | Sewer    | Killed Purgy
  5729 | D:6      | Reached XP level 8. HP: 58/58 MP: 10/14
  5766 | D:6      | Reached skill level 1 in Polearms
  5917 | D:6      | Reached skill level 1 in Fighting
  6130 | D:6      | Found a runed translucent gate.
  6131 | D:6      | Found a runed translucent gate.
  6132 | D:6      | Found a runed translucent gate.
  6133 | D:6      | Noticed Kagalorn's ghost (novice GnAE)
  6133 | D:6      | Noticed stillor's ghost (amateur DEIE)
  6169 | D:6      | Reached * piety under Ashenzari
  6201 | D:6      | Reached skill level 5 in Spellcasting
  6250 | D:6      | Reached skill level 2 in Polearms
  6629 | D:6      | Reached skill level 5 in Conjurations
  6898 | D:6      | Reached skill level 3 in Polearms
  6930 | D:6      | Reached XP level 9. HP: 53/67 MP: 8/16
  7096 | D:6      | Found Guseci's General Store.
  7434 | D:7      | Reached skill level 4 in Polearms
  7523 | D:7      | Found a transporter.
  7526 | D:7      | Noticed a kobold demonologist
  7534 | D:7      | Found Beemec's Magic Scroll Emporium.
  7543 | D:7      | Bought a scroll of noise for 11 gold pieces
  7543 | D:7      | Bought a scroll of amnesia for 38 gold pieces
  7543 | D:7      | Bought a scroll of teleportation for 33 gold pieces
  7543 | D:7      | Bought a scroll of identify for 22 gold pieces
  7543 | D:7      | Bought a scroll of random uselessness for 11 gold pieces
  7668 | D:7      | Found a bloodstained altar of Trog.
  7903 | D:7      | Noticed a kobold demonologist
  7910 | D:7      | Found a transporter.
  8683 | D:8      | Reached skill level 5 in Polearms
  8996 | D:8      | Reached skill level 6 in Polearms
  9074 | D:8      | Reached skill level 5 in Fighting
  9161 | D:8      | Noticed a two-headed ogre
  9184 | D:8      | Killed a two-headed ogre
  9184 | D:8      | Reached skill level 7 in Polearms
  9184 | D:8      | Reached XP level 10. HP: 63/81 MP: 6/17
  9538 | D:8      | Noticed a green ugly thing
  9968 | D:8      | Killed a green ugly thing
  9974 | D:8      | Noticed a death knight
 10016 | D:9      | Reached skill level 8 in Polearms
 10035 | D:9      | Noticed a brown ugly thing
 10061 | D:9      | Splashed by a brown ugly thing's acid

Levels and vault maps discovered:
D:1:      dpeg_arrival_simpleton_b, layout_loops_ring, minmay_misc_feat_columns
D:2:      layout_rooms, kiku_gazebo_garden_becter,
          chequers_ecumenical_altar_grove, minmay_snake_closets
D:3:      layout_basic, makhleb_heckhound_becter
D:4:      layout_basic, minmay_temple_entry_mini_moons
D:5:      layout_cave_pools, first_ration, minmay_small_thing
D:6:      layout_basic, serial_shops,
          nicolae_shop_temple_entry_statues_fountains, portal_sewer_entry_e,
          gammafunk_ghost_cemetery
D:7:      gammafunk_wand_slinger, layout_cave_pods, serial_shops,
          shop_fountains, minmay_misc_feat_x, trog_three_pillars_becter
D:8:      minmay_slanted_spiral_squares, layout_loops_ring
D:9:      layout_cave_pools, nicolae_overflow_crystal_walls, david_lair_generic,
          orc_david_3
Temple:   regret_index_temple_chain_breaker

Skill      XL: |  1  2  3  4  5  6  7  8  9 10 |
---------------+-------------------------------+-----
Conjurations   | 1 2 3 5 6 |  6.0
Air Magic      | 3 4 5 6 |  6.0
Spellcasting   | 2 3 4 5 |  5.0
Polearms       | 3 7 8 |  8.0
Fighting       | 2 5 6 |  6.2
Dodging        | |  1.3
Stealth        | |  1.1

Action                   |  1- 3 |  4- 6 |  7- 9 | 10-12 || total
-------------------------+-------+-------+-------+-------++-------
Melee: Unarmed           |    94 |   100 |       |       ||   194
       Kick              |    18 |    23 |     9 |     1 ||    51
       War axe           |       |     7 |       |       ||     7
       Trident           |       |     9 |    30 |       ||    39
       Halberd           |       |       |    43 |    16 ||    59
Throw: Dart              |       |       |     4 |       ||     4
 Cast: Shock             |    20 |   132 |   228 |    35 ||   415
       Airstrike         |       |       |    22 |     7 ||    29
       Static Discharge  |       |       |     3 |     2 ||     5
Invok: Curse Item        |       |     1 |       |       ||     1
  Use: Scroll            |       |       |     5 |       ||     5
 Stab: Sleeping          |       |       |     2 |       ||     2
  Eat: Chunk             |       |    10 |     8 |       ||    18
       Ration            |       |       |     3 |     1 ||     4
Armor: Robe              |    44 |    55 |    36 |    17 ||   152
Dodge: Dodged            |    39 |    78 |    85 |    13 ||   215

Table legend:
 A = Non-vault XP
 B = Vault XP
 C = Vault XP percentage of total XP
 D = Non-vault monster count
 E = Vault monster count
 F = Vault count percentage of total count
                 A         B        C        D         E       F
            +---------+---------+-------+---------+---------+-------
      Total |    4758 |    2529 |  34.7 |     172 |      36 |  17.3
            +---------+---------+-------+---------+---------+-------
        D:1 |      41 |       0 |   0.0 |      23 |       0 |   0.0
        D:2 |      89 |      66 |  42.6 |      21 |      12 |  36.4
        D:3 |      69 |       0 |   0.0 |      14 |       0 |   0.0
        D:4 |     442 |       0 |   0.0 |      29 |       0 |   0.0
        D:5 |     459 |      40 |   8.0 |       8 |       1 |  11.1
        D:6 |    1902 |      40 |   2.1 |      45 |       8 |  15.1
        D:7 |     600 |     100 |  14.3 |      17 |       1 |   5.6
        D:8 |    1036 |    2141 |  67.4 |      13 |       8 |  38.1
        D:9 |     120 |       0 |   0.0 |       2 |       0 |   0.0
      Sewer |       0 |     142 | 100.0 |       0 |       6 | 100.0
            +---------+---------+-------+---------+---------+-------
